Map: Jagannatha LE

Players

sOs - Winner!

  • Race: Protoss Protoss
  • League: Master

DRG

  • Race: Zerg Zerg

Event: DreamHack SC2 Masters 2021 Fall

VOD

Have the link to the VOD?

Description

Time

  • Played on: July 21, 2021, 3:09 a.m.
  • Length: 8:15

All games in this series

Show
View Real Time Build Order
Export as new Build Order

sOs Protoss - Winner!

Build Orders:  

Get SALT Encoding   

  12  0:00  Probe  
  13  0:12  Probe  
  14  0:20  Pylon  
  14  0:24  Probe  
  15  0:38  Probe (Chrono Boost)  
  16  0:44  Forge  
  16  0:47  Probe (Chrono Boost)  
  17  0:51  Pylon  
  17  1:01  Pylon  
  17  1:04  Pylon  
  17  1:18  Photon Cannon  
  17  1:19  Gateway  
  17  1:21  Probe  
  18  1:33  Probe (Chrono Boost)  
  18  1:34  Assimilator  
  19  1:40  Assimilator  
  19  1:45  Probe (Chrono Boost)  
  20  1:50  Probe (Chrono Boost)  
  21  1:59  Probe  
  22  2:03  Photon Cannon  
  22  2:07  Cybernetics Core  
  22  2:08  Zealot (Chrono Boost)  
  22  2:11  Probe  
  25  2:23  Probe  
  26  2:34  Photon Cannon  
  26  2:43  Shield Battery  
  27  2:44  Stargate, Probe  
  27  2:46  Adept  
  29  2:57  Probe  
  27  3:11  Nexus  
  27  3:16  Pylon  
  27  3:23  Void Ray (Chrono Boost)  
  32  3:34  Probe  
  32  3:41  Pylon  
  32  3:54  Void Ray (Chrono Boost)  
  32  3:59  Probe  
  32  4:00  Pylon  
  37  4:11  Probe  
  39  4:24  Probe x2 (Chrono Boost)  
  39  4:28  Void Ray  
  40  4:33  Probe (Chrono Boost)  
  40  4:34  Probe (Chrono Boost)  
  46  4:38  Probe (Chrono Boost)  
  46  4:39  Probe (Chrono Boost)  
  46  4:41  Stargate  
  48  4:47  Assimilator  
  48  4:50  Probe  
  48  4:51  Assimilator, Probe  
  50  5:02  Probe  
  50  5:03  Probe  
  52  5:11  Pylon  
  52  5:19  Void Ray x2  
  53  5:21  Probe x2  
  62  5:33  Probe  
  62  5:34  Probe  
  64  5:41  Nexus  
  64  5:45  Pylon  
  64  5:46  Probe  
  64  5:47  Probe  
  64  5:59  Pylon  
  64  6:00  Pylon  
  64  6:02  Void Ray (Chrono Boost)  
  64  6:06  Shield Battery  
  64  6:07  Void Ray (Chrono Boost)  
  64  6:17  Shield Battery  
  68  6:21  Probe  
  68  6:22  Photon Cannon, Probe  
  70  6:34  Probe x2  
  70  6:37  Void Ray (Chrono Boost)  
  72  6:41  Fleet Beacon  
  76  6:48  Void Ray (Chrono Boost)  
  76  6:53  Probe x3  
  83  7:02  Shield Battery  
  83  7:06  Probe  
  83  7:07  Probe x2  
  86  7:10  Pylon  
  86  7:14  Flux Vanes  
  86  7:26  Void Ray  
  86  7:28  Stargate  
  86  7:33  Probe  
  86  7:34  Probe  
  92  7:42  Probe  
  97  7:46  Probe  
  98  7:53  Probe  
  98  7:54  Probe  
  98  7:56  Assimilator  
  98  7:57  Assimilator  
  98  7:58  Probe  
  97  8:02  Pylon  
  97  8:05  Pylon x2  
  94  8:13  Photon Cannon  
Show
View Real Time Build Order
Export as new Build Order

DRG Zerg 

Build Orders: Hatch First 

Get SALT Encoding   

  12  0:00  Drone  
  13  0:12  Overlord  
  13  0:16  Drone  
  14  0:30  Drone x2  
  16  0:48  Hatchery  
  15  0:51  Drone  
  15  0:55  Drone  
  17  0:59  Drone  
  18  1:10  Extractor  
  17  1:15  Spawning Pool  
  16  1:18  Drone  
  16  1:22  Drone  
  18  1:27  Drone  
  19  1:38  Drone  
  20  1:41  Extractor  
  19  1:49  Drone  
  20  2:02  Queen, Roach Warren  
  20  2:04  Spine Crawler  
  20  2:08  Drone  
  21  2:10  Drone  
  22  2:16  Zergling x2  
  22  2:19  Zergling x2  
  24  2:27  Overlord  
  24  2:49  Roach x2  
  27  3:01  Drone  
  27  3:05  Drone  
  28  3:21  Drone  
  28  3:27  Drone  
  29  3:38  Hatchery  
  28  3:44  Queen  
  28  3:45  Spore Crawler  
  28  3:46  Overlord  
  30  3:58  Overlord  
  30  4:12  Overlord  
  30  4:18  Drone  
  30  4:19  Drone x2  
  30  4:20  Queen  
  35  4:26  Overlord  
  35  4:28  Drone x2  
  37  4:36  Drone  
  38  4:39  Metabolic Boost  
  38  4:44  Drone  
  39  4:51  Drone  
  40  4:53  Queen, Drone  
  40  4:55  Drone  
  44  5:00  Drone x2  
  44  5:03  Ravager  
  44  5:04  Ravager  
  44  5:05  Drone  
  49  5:08  Drone  
  49  5:12  Queen  
  52  5:18  Drone x2  
  54  5:25  Drone  
  54  5:28  Drone  
  55  5:29  Queen, Drone  
  55  5:34  Overlord  
  58  5:43  Spore Crawler  
  58  5:44  Hatchery  
  58  5:47  Drone x2  
  56  5:57  Drone x2  
  57  6:08  Overlord  
  54  6:11  Overlord  
  54  6:15  Overlord  
  51  6:24  Lair  
  51  6:26  Queen  
  51  6:29  Drone x3  
  54  6:36  Zergling x8  
  58  6:47  Drone  
  58  6:48  Drone  
  58  6:50  Drone x3  
  58  6:52  Drone  
  64  6:58  Queen, Drone  
  64  7:01  Drone  
  68  7:05  Drone x4  
  68  7:07  Queen, Extractor  
  73  7:09  Extractor  
  73  7:10  Zergling x2  
  73  7:11  Drone  
  73  7:15  Drone  
  75  7:17  Overlord  
  75  7:22  Drone  
  75  7:24  Queen  
  75  7:26  Overlord  
  75  7:29  Drone  
  78  7:34  Drone  
  78  7:36  Queen  
  79  7:38  Drone  
  79  7:40  Drone  
  79  7:42  Drone x6  
  83  7:52  Drone x3  

Tags
 
Add a new tag
Caveats
  • Supply blocks, unpowered buildings, or Contaminate may cause inaccurate times.
  • Supply counts are checked every 10 seconds.